 Dungeon Crawl Stone Soup version 0.29-a0-90-gc37658a0fe (webtiles) character file.

Game seed: 17688783890568096354

791 lordive the Grasshopper (level 7, -5/56 HPs)
             Began as a Gnoll Warper on Feb 7, 2022.
             Was a Priest of Cheibriados.
             Slain by an orc warrior (16 damage)
             ... on level 5 of the Dungeon.
             The game lasted 00:07:00 (4914 turns).

lordive the Grasshopper (Gnoll Warper)              Turns: 4914, Time: 00:07:01

Health: -5/56      AC: 11    Str: 18    XL:     7   Next: 88%
Magic:  15/15      EV: 14    Int: 27    God:    Cheibriados [***...]
Gold:   282        SH:  0    Dex: 18    Spells: 11/17 levels left

rFire   + + .      SeeInvis .   e - +2 quarterstaff (spect)
rCold   . . .      Faith    .   (shield currently unavailable)
rNeg    . . .      Spirit   .   b - +0 leather armour
rPois   .          Reflect  .   u - +0 helmet
rElec   .          Harm     .   (no cloak)
rCorr   .          Rampage  .   p - +0 pair of gloves
Will    .....                   v - +0 pair of boots
Stlth   ++........              (no amulet)
HPRegen 0.18/turn               m - ring of protection from fire
MPRegen 0.14/turn               n - ring of Impatience {rF+ Will- AC+4 Int+6}

@: very slow
A: fangs 1, strong nose, distributed training
a: Renounce Religion, Bend Time, Temporal Distortion


You were on level 5 of the Dungeon.
You worshipped Cheibriados.
Cheibriados was most pleased with you.
You visited 1 branch of the dungeon, and saw 5 of its levels.
You also visited: Sewer.

You collected 282 gold pieces.

Inventory:

Hand Weapons
 e - a +2 spectral quarterstaff (weapon)
 l - a +0 glaive
 s - a +1 dagger of draining
Missiles
 d - 5 boomerangs of dispersal (quivered)
Armour
 b - a +0 leather armour (worn)
 g - a +0 ring mail
 h - a +0 scale mail
 p - a +0 pair of gloves (worn)
 u - a +0 helmet (worn)
 v - a +0 pair of boots (worn)
Magical Staves
 E - a staff of poison
Jewellery
 m - a ring of protection from fire (left hand)
 n - the ring of Impatience (right hand) {rF+ Will- AC+4 Int+6}
   (You found it on level 2 of the Dungeon)

   [ring of protection]

   AC:        It affects your AC (+4).
   Int:       It affects your intelligence (+6).
   rF:        It protects you from fire.
   Will:      It decreases your willpower.
 C - a ring of poison resistance
Wands
 z - a wand of iceblast (5)
Scrolls
 c - 3 scrolls of blinking
 i - 3 scrolls of teleportation {unknown}
 j - 5 scrolls of identify {unknown}
 k - 2 scrolls of immolation {unknown}
 o - a scroll of noise {unknown}
 w - a scroll of enchant armour {unknown}
 x - 2 scrolls of fog {unknown}
 y - a scroll of fear {unknown}
 B - a scroll of enchant weapon {unknown}
 F - 2 scrolls of holy word {unknown}
 G - a scroll of magic mapping {unknown}
Potions
 a - a potion of resistance {unknown}
 f - a potion of flight {unknown}
 q - a potion of ambrosia {unknown}
 r - a potion of haste {unknown}
 t - 2 potions of brilliance
 A - a potion of mutation {unknown}
 D - a potion of attraction {unknown}


   Skills:
 + Level 5.4 Fighting
 + Level 2.7 Short Blades
 + Level 5.4 Long Blades
 + Level 2.7 Axes
 + Level 2.7 Maces & Flails
 + Level 2.7 Polearms
 + Level 2.7 Staves
 + Level 2.7 Slings
 + Level 2.7 Bows
 + Level 2.7 Crossbows
 + Level 3.8 Throwing
 + Level 3.8 Armour
 + Level 5.4 Dodging
 + Level 2.7 Stealth
 + Level 2.7 Shields
 + Level 2.7 Unarmed Combat
 + Level 5.7 Spellcasting
 + Level 2.2 Conjurations
 + Level 2.2 Hexes
 + Level 2.2 Summonings
 + Level 2.2 Necromancy
 + Level 5.9 Translocations
 + Level 2.2 Transmutations
 + Level 2.2 Fire Magic
 + Level 2.2 Ice Magic
 + Level 2.2 Air Magic
 + Level 2.2 Earth Magic
 + Level 2.2 Poison Magic
 + Level 3.0 Invocations
 + Level 2.7 Evocations


You had 11 spell levels left.
You knew the following spells:

 Your Spells              Type           Power      Damage    Failure   Level
a - Lesser Beckoning      Tloc           40%        N/A       1%          3
b - Teleport Other        Tloc           40%        N/A       1%          3

Your spell library contained the following spells:

 Spells                   Type           Power      Damage    Failure   Level
 Blink                    Tloc           80%        N/A       1%          2
 Gell's Gravitas          Tloc           40%        N/A       1%          3
 Ensorcelled Hibernation  Hex/Ice        40%        N/A       4%          2
 Passwall                 Tmut/Erth      16%        N/A       4%          2
 Ozocubu's Armour         Ice            20%        N/A       10%         3
 Swiftness                Air            20%        N/A       10%         3
 Manifold Assault         Tloc           40%        N/A       19%         5
 Ozocubu's Refrigeration  Ice            10%        4d7       100%        7


Dungeon Overview and Level Annotations

Branches:
Dungeon (5/15)              Sewer (visited)
 Temple: D:4-7

Altars:
Cheibriados
Wu Jian

Shops:
D:3 :*:   D:4 *


Innate Abilities, Weirdness & Mutations

You have very sharp teeth.
Your uncanny sense of smell can sniff out nearby items.
Your experience applies equally to all skills.


Message History

There are monsters nearby!
An orc comes into view. It is wielding a +0 flail.
The hound zombie bites you but does no damage. x2
The hound zombie barely misses you. The hound zombie closely misses you.
The orc warrior hits you from afar with a +0 trident!
An orc wizard comes into view. It is wielding a +0 dagger.
The hound zombie bites you but does no damage.
The orc warrior hits you from afar with a +0 trident!
The hound zombie bites you but does no damage.
The orc wizard shouts!
The hound zombie barely misses you.
The orc warrior hits you from afar with a +0 trident.
The hound zombie closely misses you.
You barely miss the hound zombie. The orc warrior misses you.
The hound zombie barely misses you.
You barely miss the hound zombie.
The hound zombie bites you but does no damage.
The orc warrior hits you from afar with a +0 trident.
The orc warrior barely misses you. The orc warrior misses you.
The orc warrior barely misses you. The orc warrior closely misses you.
The orc warrior completely misses you.
You hit the orc warrior.
The orc warrior is lightly wounded.
The orc warrior hits you with a +0 trident!
You hit the orc warrior but do no damage.
The orc warrior is lightly wounded.
The orc warrior closely misses you.
You barely miss the orc warrior.
The orc warrior is lightly wounded.
The orc warrior completely misses you.
You barely miss the orc warrior.
The orc warrior is lightly wounded.
The orc warrior hits you with a +0 trident!
* * * LOW HITPOINT WARNING * * *
You hit the orc warrior but do no damage.
The orc warrior is lightly wounded.
The orc warrior hits you with a +0 trident!
You die...

#+#..........# #............#
########### ###.......(..#
.)........# #..........#
..........# ##..o......#
_...(.....# #oo######.####
..........# ##.# #.#..#
..........########o######.#..####
................@oo.......#.....#
..........#########.####..#.###.#
..........# #.##....#.###.#
..........# #.##.#....#...#
..........#### #.##.#...##.###
###+##.......######[##........#
#....#####)##......############
###### #)##.##...#..........#
#..#..#...#.########.#


You could see an orc warrior, an orc wizard and an orc.

Vanquished Creatures
  Pargi (Sewer)
  2 ogres
  A phantom (D:4)
  A scorpion (D:4)
  A centaur zombie (D:3)
  3 orc priests
  Ijyb (D:3)
  Robin (D:3)
  7 gnolls
  8 adders
  An adder skeleton (D:4)
  3 dart slugs
  A worm (D:4)
  7 orcs
  6 endoplasms
  5 giant cockroaches
  15 goblins
  7 hobgoblins
  5 jackals
  5 quokkas
  7 ball pythons
  5 bats
  2 frilled lizards
  9 kobolds
  5 rats
109 creatures vanquished.

Notes
Turn   | Place    | Note
-------+----------+-------------------------------------------
     0 | D:1      | lordive the Gnoll Warper began the quest for the Orb.
     0 | D:1      | Reached XP level 1. HP: 20/20 MP: 6/6
   206 | D:1      | Reached XP level 2. HP: 15/26 MP: 7/7
   616 | D:1      | Reached XP level 3. HP: 20/31 MP: 9/9
   617 | D:1      | Reached skill level 5 in Spellcasting
  1268 | D:2      | Found a faded altar of an unknown god.
  1356 | D:2      | Reached skill level 1 in Invocations
  1359 | D:2      | Identified the ring of Impatience {rF+ Will- AC+4 Int+6}
  1436 | D:2      | Found a snail-covered altar of Cheibriados.
  1448 | D:2      | Reached skill level 1 in Short Blades
  1448 | D:2      | Reached skill level 1 in Axes
  1448 | D:2      | Reached skill level 1 in Maces & Flails
  1448 | D:2      | Reached skill level 1 in Polearms
  1448 | D:2      | Reached skill level 1 in Staves
  1448 | D:2      | Reached skill level 1 in Slings
  1448 | D:2      | Reached skill level 1 in Bows
  1448 | D:2      | Reached skill level 1 in Crossbows
  1448 | D:2      | Reached skill level 1 in Stealth
  1448 | D:2      | Reached skill level 1 in Shields
  1448 | D:2      | Reached skill level 1 in Unarmed Combat
  1448 | D:2      | Reached skill level 1 in Evocations
  1459 | D:2      | Reached XP level 4. HP: 25/38 MP: 11/11
  1473 | D:2      | Became a worshipper of Cheibriados the Contemplative
  1699 | D:2      | Learned a level 3 spell: Lesser Beckoning
  1703 | D:2      | Learned a level 3 spell: Teleport Other
  1851 | D:3      | Noticed Robin
  1857 | D:3      | Reached skill level 1 in Conjurations
  1857 | D:3      | Reached skill level 1 in Hexes
  1857 | D:3      | Reached skill level 1 in Summonings
  1857 | D:3      | Reached skill level 1 in Necromancy
  1857 | D:3      | Reached skill level 1 in Transmutations
  1857 | D:3      | Reached skill level 1 in Fire Magic
  1857 | D:3      | Reached skill level 1 in Ice Magic
  1857 | D:3      | Reached skill level 1 in Air Magic
  1857 | D:3      | Reached skill level 1 in Earth Magic
  1857 | D:3      | Reached skill level 1 in Poison Magic
  1867 | D:3      | Killed Robin
  1870 | D:3      | Reached * piety under Cheibriados
  2127 | D:3      | Reached XP level 5. HP: 40/43 MP: 12/12
  2174 | D:3      | Found Qeatwoz's Book Boutique.
  2455 | D:3      | Noticed Ijyb
  2463 | D:3      | Killed Ijyb
  2463 | D:3      | Reached ** piety under Cheibriados
  2464 | D:3      | Reached XP level 6. HP: 43/50 MP: 13/13
  2508 | D:3      | Found a glowing drain.
  2519 | Sewer    | Entered a sewer
  2746 | Sewer    | Noticed Pargi
  2755 | Sewer    | Killed Pargi
  2756 | Sewer    | Reached skill level 5 in Fighting
  2756 | Sewer    | Reached skill level 5 in Long Blades
  2756 | Sewer    | Reached skill level 5 in Dodging
  2846 | D:3      | Found Vup Bigu's Book Shoppe.
  2875 | D:3      | Found Vucauvoz's Assorted Antiques.
  3243 | D:4      | Reached XP level 7. HP: 52/56 MP: 15/15
  3515 | D:4      | Found Soacvaax's Mass Market.
  4127 | D:5      | Entered Level 5 of the Dungeon
  4291 | D:5      | Reached *** piety under Cheibriados
  4733 | D:5      | Found an ornate altar of the Wu Jian Council.
  4914 | D:5      | Slain by an orc warrior

Illustrated notes

Levels and vault maps discovered:
D:1:      dpeg_arrival_water_fire, layout_loops_ring, minmay_tromino_v4_b
D:2:      layout_basic, basic_altar, shapermc_ecumenical_altar_mp_highgroup
D:3:      layout_rooms, serial_shops, shop_statue, shop,
          nicolae_shop_hallway_plus, portal_sewer_entry_d, uniq_robin, uniq_ijyb
D:4:      layout_layer_cave, minmay_shop_mass
D:5:      layout_basic, overflow_temple_1_default, grunt_ministairs_14

Skill      XL: |  1  2  3  4  5  6  7 |
---------------+----------------------+-----
Spellcasting   | 5 |  5.7
Invocations    | 1 2 3 |  3.0
Short Blades   | 1 2 |  2.7
Axes           | 1 2 |  2.7
Maces & Flails | 1 2 |  2.7
Polearms       | 1 2 |  2.7
Staves         | 1 2 |  2.7
Slings         | 1 2 |  2.7
Bows           | 1 2 |  2.7
Crossbows      | 1 2 |  2.7
Stealth        | 1 2 |  2.7
Shields        | 1 2 |  2.7
Unarmed Combat | 1 2 |  2.7
Evocations     | 1 2 |  2.7
Conjurations   | 1 2 |  2.2
Hexes          | 1 2 |  2.2
Summonings     | 1 2 |  2.2
Necromancy     | 1 2 |  2.2
Transmutations | 1 2 |  2.2
Fire Magic     | 1 2 |  2.2
Ice Magic      | 1 2 |  2.2
Air Magic      | 1 2 |  2.2
Earth Magic    | 1 2 |  2.2
Poison Magic   | 1 2 |  2.2
Throwing       | 3 |  3.8
Armour         | 3 |  3.8
Fighting       | 5 |  5.4
Long Blades    | 5 |  5.4
Dodging        | 5 |  5.4
Translocations | |  5.9

Action                   |  1- 3 |  4- 6 |  7- 9 || total
-------------------------+-------+-------+-------++-------
Melee: Falchion          |   102 |     1 |       ||   103
       Punch             |     1 |       |       ||     1
       Bite              |    10 |     7 |     3 ||    20
       Quarterstaff      |       |    93 |    37 ||   130
  Use: Potion            |     3 |       |       ||     3
 Stab: Sleeping          |       |     3 |       ||     3
       Distracted        |       |       |     1 ||     1
Armor: Leather armour    |    41 |    59 |     9 ||   109
Dodge: Dodged            |    90 |    79 |    25 ||   194

Table legend: (Time is in decaauts)
 A = Elapsed time spent in this place.
 B = Non-inter-level travel time spent in this place.
 C = Inter-level travel time spent in this place.
 D = Time resting spent in this place.
 E = Time spent auto-exploring this place.
 F = Levels seen in this place.
 G = Mean time per level.
                   A        B        C        D        E       F      G
               +--------+--------+--------+--------+--------+-----+--------+
         Total |   6052 |   5817 |    235 |      0 |   4972 |   6 | 1008.7 |
       Dungeon |   5700 |   5465 |    235 |      0 |   4681 |   5 | 1140.0 |
         Sewer |    351 |    351 |      0 |      0 |    290 |   1 |  351.0 |
               +--------+--------+--------+--------+--------+-----+--------+

Top non-repeatable levels by time:
     D:4: 1619 daAuts
     D:1: 1190 daAuts
     D:3: 1081 daAuts
     D:5: 1067 daAuts
     D:2: 742 daAuts
   Sewer: 351 daAuts
